 Dungeon Crawl Stone Soup version 0.31-a0-986-g5e6e4ef867 (webtiles) character file.

Game seed: 1855455786408478132

107 IdlyInterested the Trooper (level 4, 0/38 HPs)
             Began as a Demonspawn Gladiator on Nov 17, 2023.
             Slain by a gnoll sergeant
             ... wielding a +0 spear of pain
              (2 damage)
             ... on level 3 of the Dungeon.
             The game lasted 00:03:37 (1342 turns).

IdlyInterested the Trooper (Demonspawn Gladiator)   Turns: 1342, Time: 00:03:39

Health: 0/38       AC: 12    Str: 16    XL:     4   Next: 57%
Magic:  4/4        EV:  8    Int: 10    God:
Gold:   77         SH:  0    Dex: 14    Spells: 3/3 levels left

rFire   + . .        a - +0 war axe
rCold   + . .        (no shield)
rNeg    . . .        f - +0 chain mail
rPois   +            c - +0 helmet
rElec   +            h - +0 cloak
rCorr   +            (no gloves)
SInv    .            (no boots)
Will    .....        (no amulet) Stlth
                     (no ring)
HPRegen 0.26/turn    (no ring)
MPRegen 0.09/turn

%: no passive effects
@: resistant
A: hooves 1, rugged brown scales 2
a: no special abilities


You were on level 3 of the Dungeon.
You visited 1 branch of the dungeon, and saw 3 of its levels.

You collected 77 gold pieces.

Inventory:

Hand Weapons
 a - a +0 war axe (weapon)
 l - a +0 trident
Missiles
 d - 2 throwing nets
 e - a javelin
 g - 32 stones (quivered)
Armour
 b - a +0 leather armour
 c - a +0 helmet (worn)
 f - a +0 chain mail (worn)
 h - a +0 cloak (worn)
Magical Staves
 k - a staff of conjuration
Talismans
 j - a beast talisman
Scrolls
 i - a scroll of identify {unknown}
 n - a scroll of fear {unknown}
 p - a scroll of torment {unknown}
 q - a scroll of poison {unknown}


   Skills:
 + Level 4.0 Fighting
 - Level 3.0 Axes
 - Level 2.0 Throwing
 - Level 1.0 Armour
 - Level 3.0 Dodging
 + Level 0.3 Evocations


You had 3 spell levels left.
You didn't know any spells.
Your spell library contained the following spells:

 Spells                   Type           Power      Damage    Failure   Level
 Sting                    Tmut/Pois      0%         1d3       99%         1
 Poisonous Vapours        Pois/Air       0%         N/A       100%        2
 Volatile Blastmotes      Fire/Tloc      0%         2d10      100%        3
 Fulminant Prism          Conj/Hex       0%         3d5       100%        4
 Iskenderun's Mystic Bla  Conj/Tloc      0%         2d3       100%        4
 Olgreb's Toxic Radiance  Pois           0%         N/A       100%        4


Dungeon Overview and Level Annotations

Branches:
Dungeon (3/15)

Altars:


Innate Abilities, Weirdness & Mutations

You have large cloven feet.
You are mostly covered in rugged brown scales. (AC +2, +5% HP)


Message History

You kill the gnoll!
The gnoll sergeant hits you with a +0 spear of pain.
* * * LOW HITPOINT WARNING * * *
Training target 1.0 for Armour reached!
Your Fighting skill increases to level 4!
Your Armour skill increases to level 1!
It was a potion of curing.
You feel better.
The gnoll sergeant hits you with a +0 spear of pain.
The gnoll barely misses you.
You slash the gnoll!
The gnoll is severely wounded.
You hit the gnoll sergeant but do no damage.
The gnoll hits you but does no damage. The gnoll sergeant barely misses you.
You closely miss the gnoll. Your kick misses the gnoll.
The gnoll is severely wounded.
The gnoll sergeant blocks your attack.
The gnoll sergeant hits you but does no damage.
You writhe in agony.
The gnoll hits you with a +0 club.
* * * LOW HITPOINT WARNING * * *
You barely miss the gnoll. You kick the gnoll.
The gnoll is almost dead.
You barely miss the gnoll sergeant. The gnoll hits you but does no damage.
The gnoll sergeant hits you with a +0 spear of pain.
* * * LOW HITPOINT WARNING * * *
The gnoll misses you.
The gnoll sergeant hits you with a +0 spear of pain.
* * * LOW HITPOINT WARNING * * *
You closely miss the gnoll. You kick the gnoll.
You kill the gnoll!
You hit the gnoll sergeant.
The gnoll sergeant hits you with a +0 spear of pain.
* * * LOW HITPOINT WARNING * * *
Unknown command.
Throw: 3 throwing nets
Press: ? - help, Shift-Dir - straight line, f - gnoll sergeant
Aim: a gnoll sergeant, wielding a +0 spear of pain, wearing a +0 scale mail and wearing a +2 kite shield (lightly wounded, 70% to hit)
You throw a throwing net.
The gnoll sergeant blocks the throwing net.
The gnoll sergeant hits you with a +0 spear of pain.
You die...

.................
.###..###..#####
# #....<.....##.#
#.##....##....#
#........#...
####.....# .#
.........#
[<..#.#...##
###.#....g@# #
######g# #.# ...
#.## #.. ###


You could see a gnoll sergeant and a gnoll.

Vanquished Creatures
  3 gnolls (D:3)
  3 adders
  A worm (D:2)
  3 dart slugs
  4 ball pythons
  4 endoplasms
  2 giant cockroaches
  4 goblins
  4 hobgoblins
  8 kobolds
  A quokka (D:1)
  A bat (D:3)
  2 frilled lizards (D:1)
  3 rats (D:1)
43 creatures vanquished.

Notes
Turn   | Place    | Note
-------+----------+-------------------------------------------
     0 | D:1      | IdlyInterested the Demonspawn Gladiator began the quest for
                  | the Orb.
     0 | D:1      | Reached XP level 1. HP: 16/16 MP: 1/1
   106 | D:1      | Gained mutation: You are partially covered in rugged brown
                  | scales. (AC +1, +3% HP) [demonic ancestry]
   106 | D:1      | Reached XP level 2. HP: 17/23 MP: 2/2
   311 | D:1      | Reached skill level 3 in Fighting
   679 | D:2      | Gained mutation: You are mostly covered in rugged brown
                  | scales. (AC +2, +5% HP) [demonic ancestry]
   679 | D:2      | Reached XP level 3. HP: 24/30 MP: 3/3
  1279 | D:3      | Gained mutation: You have large cloven feet. [demonic
                  | ancestry]
  1279 | D:3      | Reached XP level 4. HP: 34/38 MP: 4/4
  1327 | D:3      | Noticed a gnoll sergeant
  1337 | D:3      | Reached skill level 4 in Fighting
  1337 | D:3      | Reached skill level 1 in Armour
  1341 | D:3      | HP: 1/38 [gnoll sergeant/+0 spear of pain (6)]
  1342 | D:3      | Slain by a gnoll sergeant

Illustrated notes

Levels and vault maps discovered:
D:1:      amcnicky_arrival_double_pillar, layout_rooms, hex_tiny
D:2:      layout_basic
D:3:      layout_basic, slow_altar_2, nicolae_goblin_pals

Skill      XL: |  1  2  3  4 |
---------------+-------------+-----
Axes           | 3 |  3.0
Fighting       | 3 4 |  4.0
Throwing       | 2 |  2.0
Dodging        | 3 |  3.0
Armour         | 1 |  1.0
Evocations     | |  0.3

Action                     |  1- 3 |  4- 6 || total
---------------------------+-------+-------++-------
  Melee: War axe           |    95 |    17 ||   112
         Punch             |     3 |       ||     3
         Kick              |       |     7 ||     7
  Throw: Throwing net      |       |     1 ||     1
    Use: Potion            |       |     2 ||     2
 Armour: Leather armour    |     6 |       ||     6
         Chain mail        |    66 |    33 ||    99
  Dodge: Dodged            |    37 |    10 ||    47

Table legend: (Time is in decaauts)
 A = Elapsed time spent in this place.
 B = Non-inter-level travel time spent in this place.
 C = Inter-level travel time spent in this place.
 D = Time resting spent in this place.
 E = Time spent auto-exploring this place.
 F = Levels seen in this place.
 G = Mean time per level.
                   A        B        C        D        E       F      G
               +--------+--------+--------+--------+--------+-----+--------+
         Total |   1380 |   1266 |    114 |    169 |    700 |   3 |  460.0 |
       Dungeon |   1380 |   1266 |    114 |    169 |    700 |   3 |  460.0 |
               +--------+--------+--------+--------+--------+-----+--------+

Top non-repeatable levels by time:
     D:1: 664 daAuts
     D:2: 525 daAuts
     D:3: 190 daAuts
